 Dungeon Crawl Stone Soup version 0.19-a0-1704-gbd66c22 (webtiles) character file.

11212 TheGoonsmith the Geomancer (level 11, -1/60 HPs)
             Began as a Gargoyle Earth Elementalist on Sept 27, 2016.
             Was a High Priest of Vehumet.
             Slain by a torpor snail (7 damage)
             ... on level 1 of the Lair of Beasts.
             The game lasted 00:26:56 (14385 turns).

TheGoonsmith the Geomancer (GrEE)                  Turns: 14385, Time: 00:26:57

Health: -1/60      AC: 16    Str: 14    XL:     11   Next: 74%
Magic:  7/23       EV: 11    Int: 19    God:    Vehumet [*****.]
Gold:   655        SH:  0    Dex: 10    Spells: 6 memorised, 5 levels left

rFire  . . .     SeeInvis .     a - +2 double sword (freeze)
rCold  + . .     Gourm    .     D - +0 leather armour {rC+}
rNeg   + . .     Faith    +     (no shield)
rPois  ∞         Spirit   .     m - +1 helmet
rElec  +         Dismiss  .     (no cloak)
rCorr  .         Reflect  .     (no gloves)
MR     .....     Harm     .     x - +2 pair of boots
Stlth  ++........               p - amulet of faith
                                (no ring)
                                w - +2 ring of strength

@: slowed, repel missiles, very slow
A: negative energy resistance 1, electricity resistance, unbreathing,
petrification resistance, rot immunity, AC +7
a: Renounce Religion


You were on level 1 of the Lair of Beasts.
You worshipped Vehumet.
Vehumet was extremely pleased with you.
You were not hungry.

You visited 2 branches of the dungeon, and saw 12 of its levels.

You collected 655 gold pieces.

Inventory:

Hand Weapons
 a - a +2 double sword of freezing (weapon)
 o - a +1 morningstar of protection
Missiles
 b - 164 stones (quivered)
Armour
 m - a +1 helmet (worn)
 x - a +2 pair of boots (worn)
 D - a +0 leather armour of cold resistance (worn)
Jewellery
 p - an amulet of faith (around neck)
 w - a +2 ring of strength (left hand)
 N - a cursed ring of teleportation {unknown}
Wands
 q - a wand of teleportation (8/9)
 z - a wand of enslavement (18/24)
 A - a wand of polymorph (6/24)
 E - a wand of paralysis (15/24)
 G - a wand of disintegration (8/24)
 I - a wand of confusion (34/48)
 J - a wand of iceblast (9/15)
 V - a wand of paralysis (11/24)
Scrolls
 l - a scroll of fog
 r - 4 scrolls of identify
 t - 2 scrolls of remove curse
 y - 4 scrolls of teleportation
Potions
 f - 3 potions of flight
 g - 2 potions of cancellation
 h - 2 potions of invisibility
 i - 5 potions of brilliance
 k - a potion of ambrosia
 n - a potion of magic
 u - a potion of curing
 B - a potion of mutation {unknown}
 F - 2 potions of resistance {unknown}
 H - a potion of agility
 O - a potion of berserk rage {unknown}
 Q - 2 potions of heal wounds {unknown}
 T - a potion of might {unknown}
Comestibles
 d - 10 bread rations
 j - 3 fruits
 M - a beef jerky
 P - 9 slices of pizza
 U - a meat ration
 W - a chunk of flesh


   Skills:
 - Level 3.0 Fighting
 - Level 1.5 Dodging
 - Level 2.1 Stealth
 + Level 8.2 Spellcasting
 - Level 8.1 Conjurations
 - Level 3.0 Charms
 - Level 5.0 Transmutations
 - Level 3.8 Ice Magic
 - Level 4.5 Air Magic
 - Level 12.0 Earth Magic


You had 5 spell levels left.
You knew the following spells:

 Your Spells              Type           Power        Failure   Level  Hunger
a - Sandblast             Erth           ######       1%          1    None
b - Freezing Cloud        Conj/Ice/Air   ####......   67%         6    ######.
c - Petrify               Tmut/Erth      #####...     3%          4    ###....
r - Repel Missiles        Chrm/Air       ###...       4%          2    None
x - Stone Arrow           Conj/Erth      #####.       1%          3    None
z - Lee's Rapid Deconstr  Erth           ######....   1%          5    #####..


Dungeon Overview and Level Annotations

Branches:
Dungeon (11/15)            Temple (0/1) D:6            Lair (1/6) D:9
    Orc: D:9-12

Altars:
Ashenzari
Dithmenos
Fedhas
Vehumet

Annotations:
D:2 Terence


Innate Abilities, Weirdness & Mutations

You are resistant to torment.
Your stone body is resilient. (AC +7)
You are immune to poison.
You resist negative energy. (rN+)
You are resistant to electric shocks. (rElec)
You can survive without breathing.
You are immune to petrification.
You are immune to rotting.


Message History

The torpor snail is moderately wounded.
The torpor snail bites you but does no damage.
Casting: Stone Arrow
Confirm with . or Enter, or press ? or * to list all spells.
Aiming: Stone Arrow
Press: ? - help, Shift-Dir - straight line, f/p - torpor snail
Aim: a torpor snail (moderately wounded)
The stone arrow hits the torpor snail.
The torpor snail is heavily wounded.
The torpor snail bites you.
* * * LOW HITPOINT WARNING * * *
Casting: Stone Arrow
Confirm with . or Enter, or press ? or * to list all spells.
Aiming: Stone Arrow
Press: ? - help, Shift-Dir - straight line, f/p - torpor snail
Aim: a torpor snail (heavily wounded)
The stone arrow hits the torpor snail.
The torpor snail is heavily wounded.
The torpor snail bites you!
You die...

............
.............:
...$..........
.............
............
........#..##+##..
........#.......#.
#......#@<.......
#.....†w......#.
#.....#.......#
#.............#
#...!.#.........
#P.....#.......#.
##.....####.P##..
#...... ......
....... ....


You could see a torpor snail.

Vanquished Creatures
  Urug (D:10)
  Nergalle (D:10)
  Sonja (D:10)
  A hill giant (D:10)
  An elephant (D:9)
  Psyche (D:9)
  Joseph (D:8)
  4 hippogriffs
  7 yaks
  3 vampire mosquitoes (D:10)
  A porcupine (D:9)
  2 water moccasins
  A black bear (D:6)
  A wasp (D:9)
  4 orc warriors
  2 ice beasts
  2 phantoms
  4 sky beasts
  A necrophage (D:7)
  8 ogres
  3 centaurs
  2 crocodiles
  3 big kobolds (D:3)
  2 gnoll sergeants
  A wyvern zombie (D:10)
  5 bullfrogs
  6 scorpions
  3 howler monkeys (D:7)
  3 wights
  A crimson imp (D:9)
  A bullfrog zombie (D:10)
  A wasp zombie (D:7)
  A quasit (D:10)
  8 orc priests
  A jelly (D:7)
  8 hounds
  2 bullfrog skeletons
  3 centaur skeletons
  5 orc wizards
  5 iguanas
  5 worker ants
  A hound zombie (D:9)
  A hound skeleton (D:10)
  A worker ant zombie (D:8)
  21 gnolls
  7 adders
  3 shadow imps
  2 oozes
  An adder skeleton (D:5)
  4 worms
  A dart slug (D:3)
  6 leopard geckos
  49 orcs
  6 giant cockroaches
  15 goblins
  10 hobgoblins
  13 jackals
  11 quokkas
  8 bats
  6 frilled lizards
  A jackal skeleton (D:3)
  43 kobolds
  A leopard gecko skeleton (D:6)
  5 rats
332 creatures vanquished.

Notes
Turn   | Place    | Note
-------+----------+-------------------------------------------
     0 | D:1      | TheGoonsmith the Gargoyle Earth Elementalist began the quest for the Orb.
     0 | D:1      | Reached XP level 1. HP: 10/10 MP: 3/3
   152 | D:1      | Reached skill level 4 in Earth Magic
   176 | D:1      | Reached XP level 2. HP: 15/15 MP: 0/5
   861 | D:2      | Reached XP level 3. HP: 19/19 MP: 2/6
   869 | D:2      | Learned a level 3 spell: Stone Arrow
   951 | D:2      | Noticed Terence
  1025 | D:2      | Reached skill level 5 in Earth Magic
  1739 | D:3      | Reached XP level 4. HP: 24/24 MP: 3/7
  1808 | D:3      | Reached skill level 1 in Conjurations
  2561 | D:3      | Reached XP level 5. HP: 27/28 MP: 5/8
  2863 | D:3      | Learned a level 5 spell: Lee's Rapid Deconstruction
  3230 | D:3      | Noticed a big kobold
  3290 | D:3      | Killed a big kobold
  3290 | D:3      | Reached skill level 6 in Earth Magic
  3290 | D:3      | Reached XP level 6. HP: 32/32 MP: 5/10
  3419 | D:3      | Found a radiant altar of Vehumet.
  3444 | D:3      | Became a worshipper of Vehumet
  4008 | D:3      | Reached * piety under Vehumet
  4008 | D:3      | Offered knowledge of Flame Tongue by Vehumet.
  4112 | D:3      | Reached skill level 7 in Earth Magic
  4112 | D:3      | Reached XP level 7. HP: 29/36 MP: 7/12
  4762 | D:4      | Offered knowledge of Shock by Vehumet.
  4768 | D:4      | Reached ** piety under Vehumet
  5574 | D:4      | Reached skill level 5 in Conjurations
  6065 | D:5      | Entered Level 5 of the Dungeon
  6087 | D:5      | Reached skill level 8 in Earth Magic
  6192 | D:5      | Got a faintly glowing scale mail
  6203 | D:5      | Identified the +1 scale mail of the Solstice {rElec rC- rCorr Str-3} (You found it on level 5 of the Dungeon)
  6299 | D:5      | Offered knowledge of Dazzling Spray by Vehumet.
  6299 | D:5      | Reached XP level 8. HP: 41/41 MP: 1/13
  6550 | D:5      | Reached skill level 9 in Earth Magic
  6791 | D:5      | Found a shadowy altar of Dithmenos.
  7092 | D:6      | Reached skill level 10 in Earth Magic
  7108 | D:6      | Reached *** piety under Vehumet
  7112 | D:5      | Reached skill level 5 in Spellcasting
  7447 | D:6      | Reached XP level 9. HP: 44/45 MP: 10/16
  7532 | D:6      | Found a staircase to the Ecumenical Temple.
  7537 | D:6      | Reached skill level 11 in Earth Magic
  8110 | D:7      | Learned a level 2 spell: Repel Missiles
  8115 | D:7      | Learned a level 4 spell: Petrify
  8174 | D:7      | Offered knowledge of Fulminant Prism by Vehumet.
  8440 | D:7      | Reached skill level 1 in Charms
  8440 | D:7      | Reached skill level 1 in Air Magic
  8446 | D:7      | Reached **** piety under Vehumet
  9125 | D:7      | Offered knowledge of Iskenderun's Mystic Blast by Vehumet.
  9369 | D:8      | Found a shattered altar of Ashenzari.
  9894 | D:8      | Reached XP level 10. HP: 48/51 MP: 12/20
 10003 | D:8      | Noticed Joseph
 10322 | D:8      | Reached skill level 1 in Fighting
 10471 | D:8      | Killed Joseph
 11190 | D:9      | Reached skill level 12 in Earth Magic
 11239 | D:9      | Reached skill level 1 in Transmutations
 11241 | D:9      | Reached ***** piety under Vehumet
 11242 | D:9      | Offered knowledge of Freezing Cloud by Vehumet.
 11253 | D:9      | Learned a level 6 spell: Freezing Cloud
 11468 | D:9      | Noticed Psyche
 11470 | D:9      | Killed Psyche
 11634 | D:9      | Found a staircase to the Lair.
 11635 | D:9      | Noticed an elephant
 11756 | D:9      | Reached skill level 5 in Transmutations
 12368 | D:9      | Killed an elephant
 12368 | D:9      | Reached skill level 1 in Ice Magic
 12368 | D:9      | Reached XP level 11. HP: 60/60 MP: 1/21
 12622 | D:10     | Entered Level 10 of the Dungeon
 12626 | D:10     | Noticed Nergalle
 12627 | D:10     | Noticed Urug
 12642 | D:10     | Killed Nergalle
 12725 | D:10     | Noticed Sonja
 12730 | D:10     | Killed Sonja
 12787 | D:10     | Noticed a hill giant
 12790 | D:10     | Killed a hill giant
 12893 | D:10     | Found a blossoming altar of Fedhas.
 13250 | D:10     | Killed Urug
 14157 | D:10     | Offered knowledge of Iron Shot by Vehumet.
 14356 | Lair:1   | Entered Level 1 of the Lair of Beasts
 14378 | Lair:1   | HP: 3/60 [yak[a torpor snail] (11)]
 14380 | Lair:1   | HP: 1/60 [yak[a torpor snail] (9)]
 14385 | Lair:1   | Slain by a torpor snail

Vault maps used:
D:1:      dpeg_arrival_boxes_within_box, minmay_tetromino_t2
D:2:      serial_bayou_ford_a, roderic_lattice_a, uniq_terence
D:3:      minmay_goblin_kobold_castle, lemuel_doored_altar, first_bread,
          kennysheep_boxes
D:4:      wad_woods_tower
D:5:      lemuel_coloured_pillars_altar
D:8:      ashenzari_altar_1, uniq_joseph
D:9:      david_lair_generic, grunt_pizzeria, uniq_psyche
D:10:     basic_altar, uniq_nergalle, uniq_urug, uniq_sonja
D:11:     david_orc_3, serial_shops, shop_coins, minivault_28
Lair:1:   lemuel_reptile_caves

Skill      XL: |  1  2  3  4  5  6  7  8  9 10 11 |
---------------+----------------------------------+-----
Earth Magic    | 4 5 6 7 8 10 11 12 | 12.0
Conjurations   | 2 4 5 8 |  8.1
Spellcasting   | 3 5 7 8 |  8.2
Charms         | 3 |  3.0
Air Magic      | 3 4 |  4.5
Fighting       | 3 |  3.0
Transmutations | 5 |  5.0
Ice Magic      | 1 3 |  3.8
Dodging        | |  1.5
Stealth        | |  2.1

Action                   |  1- 3 |  4- 6 |  7- 9 | 10-12 || total
-------------------------+-------+-------+-------+-------++-------
Melee: Club              |    59 |     6 |       |       ||    65
       Mace              |       |     7 |       |       ||     7
       Flail             |       |    12 |    12 |       ||    24
       Morningstar       |       |       |    15 |     8 ||    23
       Double sword      |       |       |       |    32 ||    32
 Cast: Sandblast         |    62 |   160 |   303 |   217 ||   742
       Stone Arrow       |       |       |    26 |    61 ||    87
       Repel Missiles    |       |       |     2 |     1 ||     3
       Lee's Rapid Decon |       |       |       |    12 ||    12
  Use: Scroll            |     6 |     1 |    13 |     4 ||    24
       Potion            |       |       |       |     3 ||     3
  Eat: Chunk             |     3 |     8 |    15 |    16 ||    42
       Meat ration       |       |       |     1 |       ||     1
       Fruit             |       |       |       |     1 ||     1
Armor: Robe              |    40 |    55 |    37 |       ||   132
       Leather armour    |       |       |    35 |    91 ||   126
Dodge: Dodged            |    97 |   104 |   102 |    96 ||   399
       Deflected         |       |       |     1 |     8 ||     9
